 Dungeon Crawl Stone Soup version 0.19.0-19-g8c6edcc (webtiles) character file.

28677 Janus the Blocker (level 13, 0/114 HPs)
             Began as a Hill Orc Fighter on Nov 13, 2016.
             Was a High Priest of Beogh.
             Killed from afar by an electric eel (12 damage)
             ... with a bolt of electricity
             ... on level 2 of the Lair of Beasts.
             The game lasted 01:09:58 (15148 turns).

Janus the Blocker (Hill Orc Fighter)               Turns: 15148, Time: 01:09:59

Health: 0/114      AC: 22    Str: 21    XL:     13   Next: 40%
Magic:  22/22      EV:  6    Int:  8    God:    Beogh [*****.]
Gold:   729        SH: 14    Dex: 25    Spells: 0 memorised, 12 levels left

rFire  . . .     SeeInvis +     I - +2 demon trident (elec)
rCold  . . .     Gourm    .     z - +1 plate armour
rNeg   . . .     Faith    .     c - +0 shield
rPois  .         Spirit   .     t - +2 helmet
rElec  .         Reflect  .     (no cloak)
rCorr  .         Harm     +     a - +2 pair of gloves {Dex+3}
MR     .....                    (no boots)
Stlth  ..........               J - amulet of harm
                                m - +6 ring of dexterity
                                W - ring of Owkomp {Dex+3 SInv}

@: no status effects
A: walk on water
a: Smiting, Recall Orcish Followers, Give Item to Named Follower, Renounce
Religion


You were on level 2 of the Lair of Beasts.
You worshipped Beogh.
Beogh was extremely pleased with you.
You were hungry.

You visited 2 branches of the dungeon, and saw 15 of its levels.
You also visited: Bailey.

You collected 1216 gold pieces.
You spent 487 gold pieces at shops.

Inventory:

Hand Weapons
 x - the +9 rapier of Wounding {pain, *Rage +Rage MR++}
   (You found it on level 4 of the Dungeon)

   In the hands of one skilled in necromantic magic, it inflicts extra damage on
   living creatures.
   It affects your resistance to hostile enchantments.
   It lets you go berserk.
   It may make you go berserk in combat.
 B - a +3 trident
 I - a +2 demon trident of electrocution (weapon)
 T - a +3 long sword of freezing
Missiles
 P - 24 tomahawks of returning (quivered)
Armour
 a - a +2 pair of gloves of dexterity (worn)
 c - a +0 shield (worn)
 t - a +2 helmet (worn)
 z - a +1 plate armour (worn)
Jewellery
 d - a +1 ring of evasion {unknown}
 j - an uncursed ring of protection from fire
 m - a +6 ring of dexterity (right hand)
 p - an uncursed ring of protection from magic
 q - an uncursed ring of protection from magic
 G - an uncursed ring of resist corrosion
 J - an amulet of harm (around neck)
 L - an uncursed ring of positive energy
 W - the ring of Owkomp (left hand) {Dex+3 SInv}
   (You found it on level 11 of the Dungeon)

   [ring of see invisible]

   It affects your dexterity (+3).
   It lets you see invisible.
Wands
 b - a wand of slowing (28/48)
 r - a wand of paralysis (16/24)
 H - a wand of confusion (22/48)
 N - a wand of slowing (48/48)
Scrolls
 e - 13 scrolls of remove curse
 g - 2 scrolls of amnesia
 i - a scroll of recharging
 o - 3 scrolls of identify
 s - 3 scrolls of teleportation
 D - 2 scrolls of fear
 O - 3 scrolls of enchant armour
 R - a scroll of magic mapping
 Y - a scroll of blinking
Potions
 l - 2 potions of haste
 u - a potion of ambrosia {unknown}
 v - 4 potions of flight
 w - 4 potions of curing
 V - a potion of cure mutation
Books
 n - a book of Callings

   Spells                             Type                      Level
   a - Summon Small Mammal            Summoning                    1
   b - Call Imp                       Summoning                    2
   c - Call Canine Familiar           Summoning                    3
   d - Summon Guardian Golem          Hexes/Summoning              3
   e - Summon Lightning Spire         Summoning/Air                4
   f - Summon Ice Beast               Ice/Summoning                4
Miscellaneous
 h - a phantom mirror
 Q - a lamp of fire
Comestibles
 f - 15 bread rations
 k - 13 chunks of flesh
 E - 4 royal jellies


   Skills:
 + Level 10.3 Fighting
 + Level 12.3 Polearms
 * Level 2.5 Throwing
 + Level 10.0 Armour
 + Level 12.7 Shields
 * Level 12.5 Invocations
 + Level 1.9 Evocations


You had 12 spell levels left.
You didn't know any spells.

Dungeon Overview and Level Annotations

Branches:
Dungeon (13/15)            Temple (0/1) D:6            Lair (2/6) D:10
    Orc (0/2) D:12         Vaults (0/5) D:13
  Swamp: Lair:2-4    Shoals: Lair:2-4     Snake: Lair:2-4    Spider: Lair:2-4

Altars:
Ashenzari
Hepliaklqana
Kikubaaqudgha
Makhleb
Qazlal
Sif Muna
Xom
Yredelemnul

Shops:
D:11 [

Portals:
Trove: D:11 (give 2 scrolls of acquirement)

Annotations:
D:2 1 runed door
D:13 2 knights fell by the vault entrance


Message History

* * * LOW HITPOINT WARNING * * *
You are too injured to fight recklessly!
The electric eel shoots out a bolt of lightning at you!
The bolt of electricity hits you!
* * * LOW HITPOINT WARNING * * *
The electric eel shoots out a bolt of lightning at you!
The bolt of electricity hits the plant.
The bolt of electricity hits you!
* * * LOW HITPOINT WARNING * * *
You are feeling hungry.
The electric eel shoots out a bolt of lightning at you!
The bolt of electricity hits the plant.
The bolt of electricity hits you!
* * * LOW HITPOINT WARNING * * *
The electric eel shoots out a bolt of lightning at you!
The bolt of electricity hits you!
The electric eel shoots out a bolt of lightning at you!
The bolt of electricity hits you!
* * * LOW HITPOINT WARNING * * *
The electric eel shoots out a bolt of lightning at you!
The bolt of electricity hits you!
You die...

##......####.......#
#........P##.......#
##........#........#
##.#................
#.................
#P#................
##...............
##..............
#@.............
###.....!(.....#
..P#.#...........
......††..........
.................#
...$.≈P....†≈P≈≈..
.....≈≈;≈..≈≈≈≈P..
#P...P≈≈≈≈P≈P≈≈≈[.
#....P≈P≈≈≈P≈≈≈≈..


You could see an electric eel.

Vanquished Creatures
  Erolcha (D:10)
  3 vault guards (D:13)
  The ghost of omnomnOMINOUS the Spear-Bearer, a novice MfGl of Ashenzari (Lair:1)
  The ghost of ENesbit the Carver, a novice HESk of Ashenzari (Bailey)
  Nergalle (D:10)
  2 hill giants
  2 ugly things
  2 manticores (D:13)
  A cyclops (D:9)
  A black mamba (Lair:2)
  A gargoyle (D:12)
  2 spiny frogs (Lair:1)
  A rime drake (Lair:1)
  2 komodo dragons (Lair:1)
  6 trolls
  A hornet (D:12)
  5 blink frogs (Lair:1)
  4 hippogriffs
  A shadow (D:12)
  A wyvern (Lair:2)
  27 yaks
  A vampire (D:13)
  A hungry ghost (D:10)
  A vampire mosquito (D:13)
  2 porcupines
  4 sky beasts
  5 ice beasts
  6 orc warriors
  2 black bears
  2 ogres
  3 phantoms
  2 necrophages (D:11)
  5 wolves (Lair:2)
  3 centaurs
  4 big kobolds
  4 crocodiles
  5 bullfrogs
  4 scorpions
  A troll zombie (D:11)
  6 wights
  7 killer bees
  An electric eel (Lair:2)
  6 howler monkeys
  6 crimson imps
  A bullfrog zombie (D:10)
  A quasit (D:12)
  3 human zombies (D:11)
  3 centaur zombies
  3 jellies
  A bullfrog skeleton (D:13)
  5 orc priests
  A centaur skeleton (D:8)
  4 hounds
  5 iguanas
  7 orc wizards
  7 worker ants
  A hound zombie (D:7)
  A hound skeleton (D:10)
  2 mummies (D:11)
  18 adders
  4 gnolls
  2 river rats (D:10)
  3 shadow imps
  An adder zombie (D:9)
  3 worms
  9 leopard geckos
  23 orcs
  6 giant cockroaches
  8 hobgoblins
  2 jackals (D:2)
  4 quokkas
  9 bats
  7 frilled lizards
  7 goblins
  A jackal zombie (D:5)
  25 kobolds
  A leopard gecko skeleton (D:5)
  2 leopard gecko zombies (D:5)
  An orc skeleton (D:11)
  6 rats
334 creatures vanquished.

Vanquished Creatures (collateral kills)
  Snorg (D:12)
  Fannar (D:12)
  A vault guard (D:13)
  A skeletal warrior (D:13)
  2 hill giants
  A deep elf mage (D:13)
  2 ugly things
  3 trolls
  2 two-headed ogres (D:11)
  A wyvern (D:11)
  A wraith (D:11)
  5 yaks
  2 vampire mosquitoes (D:13)
  A basilisk (D:12)
  3 orc warriors
  A phantom (D:12)
  2 necrophages
  2 ogres (D:11)
  A crocodile (D:10)
  A centaur (D:9)
  A big kobold (D:10)
  7 killer bees
  5 wights
  A human zombie (D:11)
  3 orc wizards (D:9)
  2 orc priests
  A worker ant zombie (D:11)
  A gnoll (Bailey)
  An adder zombie (D:9)
  4 orcs
  2 goblins (D:13)
  A quokka (D:9)
  2 bats (D:10)
  3 kobolds
  A rat (D:10)
  A fungus (D:10)
  A plant (D:10)
71 creatures vanquished.

Vanquished Creatures (others)
  2 orc knights (D:13)
  3 orc priests
  2 orc warriors
  A hound (D:10)
  3 orc wizards
  13 orcs
  15 fungi (D:10)
  3 plants (D:10)
42 creatures vanquished.

Grand Total: 447 creatures vanquished

Notes
Turn   | Place    | Note
-------+----------+-------------------------------------------
     0 | D:1      | Janus the Hill Orc Fighter began the quest for the Orb.
     0 | D:1      | Reached XP level 1. HP: 19/19 MP: 1/1
   463 | D:1      | Reached XP level 2. HP: 27/27 MP: 2/2
   859 | D:2      | Reached XP level 3. HP: 15/33 MP: 3/3
  1554 | D:2      | Reached XP level 4. HP: 34/40 MP: 4/4
  1986 | D:2      | You fall through a shaft for 2 floors!
  1997 | D:4      | Found a deep blue altar of Sif Muna.
  1998 | D:4      | Found a burning altar of Makhleb.
  2048 | D:4      | You fall through a shaft for 2 floors!
  2069 | D:6      | Got a faintly glowing mace
  2070 | D:6      | Identified the cursed +0 mace "Eloveqa" {venom, MR+} (You found it on level 6 of the Dungeon)
  2187 | D:6      | Noticed a bullfrog
  2203 | D:6      | Killed a bullfrog
  2203 | D:6      | Reached XP level 5. HP: 30/47 MP: 5/5
  2256 | D:5      | Entered Level 5 of the Dungeon
  2479 | D:5      | Noticed a centaur
  2508 | D:5      | Killed a centaur
  2508 | D:5      | Reached skill level 5 in Shields
  2508 | D:5      | Reached XP level 6. HP: 40/53 MP: 6/6
  2570 | D:5      | Noticed an ice beast
  2577 | D:5      | Killed an ice beast
  2577 | D:5      | Reached skill level 5 in Fighting
  2656 | D:4      | Noticed an orc warrior
  2657 | D:4      | Became a worshipper of Beogh the Brigand
  2799 | D:4      | Reached XP level 7. HP: 51/61 MP: 7/7
  3086 | D:2      | Reached skill level 5 in Polearms
  3160 | D:2      | Found a runed door.
  3559 | D:3      | Reached * piety under Beogh
  3641 | D:3      | Found a basalt altar of Yredelemnul.
  3704 | D:3      | Found a shattered altar of Ashenzari.
  4236 | D:3      | Gained mutation: You are somewhat resistant to further mutation. [potion of beneficial mutation]
  4437 | D:4      | Got a shimmering rapier
  4438 | D:4      | Identified the +9 rapier of Wounding {pain, *Rage +Rage MR++} (You found it on level 4 of the Dungeon)
  4696 | D:5      | Reached ** piety under Beogh
  4842 | D:5      | Reached skill level 5 in Armour
  4980 | D:5      | Reached XP level 8. HP: 47/69 MP: 8/8
  5162 | D:6      | Found a staircase to the Ecumenical Temple.
  5283 | D:6      | Found a shimmering altar of Xom.
  6172 | D:7      | Reached skill level 1 in Invocations
  6347 | D:7      | Reached XP level 9. HP: 78/78 MP: 10/10
  6786 | D:8      | Reached *** piety under Beogh
  6796 | D:8      | Found a hazy altar of Hepliaklqana.
  7957 | D:9      | Found a stormy altar of Qazlal.
  8147 | D:9      | Reached skill level 5 in Invocations
  8156 | D:9      | Gained Marbaugh as an ally
  8235 | D:9      | Noticed a cyclops
  8245 | D:9      | Killed a cyclops
  8342 | D:9      | Reached XP level 10. HP: 76/86 MP: 14/14
  8750 | D:10     | Entered Level 10 of the Dungeon
  8773 | D:10     | Your ally Marbaugh died
  8831 | D:10     | Reached **** piety under Beogh
  9166 | D:10     | Noticed Erolcha
  9167 | D:10     | Paralysed by Erolcha for 5 turns
  9511 | D:10     | Noticed Nergalle
  9541 | D:10     | Killed Nergalle
  9825 | D:10     | Reached skill level 10 in Shields
  9833 | D:10     | Gained Margrim as an ally
  9908 | D:10     | Found a staircase to the Lair.
 10299 | D:10     | Killed Erolcha
 10299 | D:10     | Reached XP level 11. HP: 95/95 MP: 12/17
 10582 | D:11     | Found Xiboi's Antique Armour Emporium.
 10582 | D:11     | Noticed a cyan ugly thing
 10588 | D:11     | Killed a cyan ugly thing
 10595 | D:11     | Reached skill level 10 in Polearms
 10596 | D:11     | Gained Boldo as an ally
 10781 | D:11     | Bought a smelly ring mail for 225 gold pieces
 10791 | D:11     | Identified the +1 ring mail "Darraits" {*Slow rC+ rCorr Str+4} (You bought it in a shop on level 11 of the Dungeon)
 11177 | D:11     | Got a wavering lead ring
 11418 | D:11     | Identified the ring of Owkomp {Dex+3 SInv} (You found it on level 11 of the Dungeon)
 11529 | D:11     | Found an ancient bone altar of Kikubaaqudgha.
 11670 | D:11     | Reached ***** piety under Beogh
 11673 | D:11     | Found a portal to a secret trove of treasure.
 11731 | D:11     | Identified a scroll of acquirement
 11803 | D:11     | Noticed a hill giant
 11809 | D:11     | Killed a hill giant
 12042 | D:11     | Bought a pair of runed gloves for 262 gold pieces
 12181 | D:12     | Found a hazy altar of Hepliaklqana.
 12261 | D:12     | Found a staircase to the Orcish Mines.
 12387 | D:12     | Noticed a white ugly thing
 12392 | D:12     | Killed a white ugly thing
 12392 | D:12     | Reached skill level 10 in Invocations
 12508 | D:12     | Reached XP level 12. HP: 91/104 MP: 19/19
 12558 | D:12     | Noticed Snorg
 12566 | D:12     | Killed Snorg
 12774 | D:12     | Noticed Fannar
 12790 | D:12     | Killed Fannar
 13493 | D:13     | Found a flagged portal.
 13516 | Bailey   | Entered a bailey
 13577 | Bailey   | Noticed ENesbit's ghost (novice HESk)
 13592 | Bailey   | Gained Bolgrim as an ally
 13594 | Bailey   | Killed ENesbit's ghost
 13597 | Bailey   | Found a bloodstained altar of Trog.
 13738 | D:13     | Found a gate to the Vaults.
 13738 | D:13     | Noticed a vault guard
 13738 | D:13     | Noticed a vault guard
 13738 | D:13     | Noticed a vault guard
 13741 | D:13     | Noticed a vault guard
 13746 | D:13     | Killed a vault guard
 13752 | D:13     | Your ally Boldo died
 13761 | D:13     | Your ally Margrim died
 13764 | D:13     | Your ally Bolgrim died
 13775 | D:13     | Killed a vault guard
 13779 | D:13     | Killed a vault guard
 13796 | D:13     | Killed a vault guard
 14161 | D:13     | Reached skill level 10 in Fighting
 14161 | D:13     | Reached XP level 13. HP: 110/113 MP: 21/21
 14287 | D:10     | Lost mutation: You are somewhat resistant to further mutation. [potion of cure mutation]
 14303 | Lair:1   | Entered Level 1 of the Lair of Beasts
 14332 | Lair:1   | Reached skill level 1 in Throwing
 14355 | Lair:1   | Noticed omnomnOMINOUS's ghost (novice MfGl)
 14382 | Lair:1   | Killed omnomnOMINOUS's ghost
 14382 | Lair:1   | Reached skill level 1 in Evocations
 15126 | Lair:2   | Reached skill level 10 in Armour
 15148 | Lair:2   | Killed from afar by an electric eel

Skill      XL: |  1  2  3  4  5  6  7  8  9 10 11 12 13 |
---------------+----------------------------------------+-----
Shields        | 4 5 6 7 8 10 11 12 | 12.7
Fighting       | 4 5 6 7 8 9 10 | 10.3
Polearms       | 3 4 5 7 8 9 10 12 | 12.3
Armour         | 4 5 6 7 8 9 10 | 10.0
Invocations    | 1 5 8 10 11 12 | 12.5
Throwing       | 2 |  2.5
Evocations     | 1 |  1.9

Action                   |  1- 3 |  4- 6 |  7- 9 | 10-12 | 13-15 || total
-------------------------+-------+-------+-------+-------+-------++-------
Melee: Trident           |   120 |   135 |   650 |   465 |       ||  1370
       Demon trident     |       |       |       |   217 |   156 ||   373
Invok: Convert to Beogh  |       |     1 |       |       |       ||     1
       Smiting           |       |       |       |     7 |       ||     7
       Give Item to Name |       |       |       |     2 |       ||     2
       Recall Orcish Fol |       |       |       |     1 |       ||     1
  Use: Scroll            |       |     2 |     9 |    11 |     5 ||    27
       Potion            |       |     1 |     8 |     6 |     1 ||    16
 Stab: Distracted        |       |       |       |     3 |       ||     3
  Eat: Chunk             |     2 |     4 |    16 |    16 |     3 ||    41
       Fruit             |       |       |     4 |       |       ||     4
       Pizza             |       |       |       |     2 |       ||     2
Armor: Scale mail        |    46 |    32 |       |       |       ||    78
       Chain mail        |       |    34 |   120 |       |       ||   154
       Plate armour      |       |       |   103 |   218 |    47 ||   368
Dodge: Dodged            |    23 |    31 |    60 |    88 |    14 ||   216
Block: Shield            |    52 |    75 |   245 |   289 |    82 ||   743
